 Dungeon Crawl Stone Soup version 0.19.1-1-g22dce08 (webtiles) character file.

189 MovingMist the Skirmisher (level 5, 0/46 HPs)
             Began as a Draconian Abyssal Knight on Jan 20, 2017.
             Was a Priest of Lugonu.
             Slain by a worker ant (3 damage)
             ... on level 3 of the Dungeon.
             The game lasted 00:05:46 (2320 turns).

MovingMist the Skirmisher (DrAK)                    Turns: 2320, Time: 00:05:47

Health: 0/46       AC:  6    Str: 14    XL:     5   Next: 40%
Magic:  7/7        EV: 13    Int: 12    God:    Lugonu [***...]
Gold:   146        SH:  0    Dex: 12    Spells: 0 memorised, 4 levels left

rFire  . . .     SeeInvis .     a - +1 hand axe
rCold  . . .     Gourm    .     (armour unavailable)
rNeg   . . .     Faith    .     (no shield)
rPois  .         Spirit   .     (helmet restricted)
rElec  .         Reflect  .     (no cloak)
rCorr  .         Harm     .     c - +0 pair of gloves
MR     .....                    (no boots)
Stlth  +.........               (no amulet)
                                (no ring)
                                (no ring)

@: lethally poisoned (0 -> -5)
A: unfitting armour, cold-blooded, AC +5
a: Depart the Abyss, Bend Space, Banish, Renounce Religion


You were on level 3 of the Dungeon.
You worshipped Lugonu.
Lugonu was most pleased with you.
You were not hungry.

You visited 1 branch of the dungeon, and saw 3 of its levels.
You visited the Abyss 1 time.

You collected 146 gold pieces.

Inventory:

Hand Weapons
 a - a +1 hand axe (weapon)
Missiles
 q - 2 throwing nets (quivered)
Armour
 c - a +0 pair of gloves (worn)
Jewellery
 n - a cursed ring of loudness {unknown}
Scrolls
 d - 5 scrolls of identify {unknown}
 e - a scroll of teleportation {unknown}
 i - a scroll of fog {unknown}
 k - 2 scrolls of magic mapping {unknown}
 m - a scroll of recharging {unknown}
 o - 3 scrolls of remove curse {unknown}
 p - a scroll of enchant armour {unknown}
 s - a scroll of blinking {unknown}
Potions
 h - 2 potions of flight {unknown}
 j - a potion of heal wounds {unknown}
 l - a potion of curing {unknown}
 r - a potion of degeneration {unknown}
Comestibles
 b - 2 bread rations
 f - 9 chunks of flesh
 g - a meat ration


   Skills:
 + Level 4.1 Fighting
 + Level 3.0 Axes
 * Level 3.7 Dodging
 + Level 3.2 Invocations


You had 4 spell levels left.
You didn't know any spells.

Dungeon Overview and Level Annotations

Branches:
Dungeon (3/15)

Altars:

Annotations:
D:3 Natasha


Innate Abilities, Weirdness & Mutations

Your plain brown scales are hard. (AC +5)
You cannot fit into any form of body armour.
You are cold-blooded and may be slowed by cold attacks.


Message History

Natasha is moderately wounded.
You closely miss the frilled lizard. You closely miss the worker ant.
You feel sick. The frilled lizard misses you. The worker ant bites you.
Natasha claws you but does no damage. The frilled lizard closely misses you.
Natasha claws you.
You feel sick. The worker ant bites you.
You feel sick. Natasha casts a spell at you. The magic dart hits you!
* * * LOW HITPOINT WARNING * * *
* * * LOW HITPOINT WARNING * * *
You feel sick.
Natasha howls an incantation.
Natasha glows brightly for a moment.
Natasha casts a spell.
* * * LOW HITPOINT WARNING * * *
You feel sick.
The worker ant waves its antennae.
The worker ant bites you.
You die...

### ###<############
#...)).......#..
#################.#.########.#.#
..................#.########.#.#
################..#.#......#.#.#
...# #.....#.#.####.#.#.# ...#
#...@.#.#.#....#'#'## ...##
#..la.#.#.#.###......
....#########...h.#.#.....+......
.≈≈.#..........5..#.###.###......
≈⌠..#.............#.....<......##
≈≈................#########......
..........................+..>...
.................(....#####......
#####........#............#....).


You could see a worker ant, Natasha, a white imp and a frilled lizard.

Vanquished Creatures
  The ghost of dscm the Ducker, a weakling OpMo (D:3)
  Natasha (D:3)
  Robin (D:3)
  3 oozes
  A worm (D:2)
  A dart slug (D:1)
  A leopard gecko (D:2)
  An orc (D:3)
  4 bats
  5 giant cockroaches
  14 goblins
  10 hobgoblins
  11 jackals
  4 ball pythons
  9 frilled lizards
  14 kobolds
  10 rats
91 creatures vanquished.

Vanquished Creatures (others)
  A plant (D:3)
1 creature vanquished.

Grand Total: 92 creatures vanquished

Notes
Turn   | Place    | Note
-------+----------+-------------------------------------------
     0 | Abyss:1  | MovingMist the Draconian Abyssal Knight began the quest for the Orb.
     0 | Abyss:1  | Reached XP level 1. HP: 19/19 MP: 2/2
    24 | D:1      | Escaped the Abyss
   151 | D:1      | Reached XP level 2. HP: 24/26 MP: 3/3
   244 | D:1      | Reached ** piety under Lugonu
   829 | D:1      | Reached XP level 3. HP: 31/31 MP: 4/4
  1438 | D:3      | Noticed dscm's ghost (weakling OpMo)
  1461 | D:3      | Reached XP level 4. HP: 29/40 MP: 6/6
  1563 | D:3      | Killed dscm's ghost
  1563 | D:3      | Reached skill level 4 in Fighting
  1570 | D:3      | Reached *** piety under Lugonu
  2022 | D:3      | Reached XP level 5. HP: 44/46 MP: 7/7
  2116 | D:3      | Noticed Robin
  2139 | D:3      | Killed Robin
  2183 | D:3      | Noticed Natasha
  2195 | D:3      | Killed Natasha
  2306 | D:3      | Noticed Natasha
  2320 | D:3      | Slain by a worker ant

Skill      XL: |  1  2  3  4  5 |
---------------+----------------+-----
Dodging        | 3 |  3.7
Fighting       | 4 |  4.1
Invocations    | 3 |  3.2
Axes           | 3 |  3.0

Action                   |  1- 3 |  4- 6 || total
-------------------------+-------+-------++-------
Melee: Hand axe          |   133 |   129 ||   262
       Tailslap          |    16 |     6 ||    22
  Eat: Chunk             |     2 |     3 ||     5
Armor: Skin              |    68 |    34 ||   102
Dodge: Dodged            |   106 |    91 ||   197
